 Dungeon Crawl Stone Soup version 0.28.0-53-g5a82cb258f (webtiles) character file.

Game seed: 4427029523309957801

16669 pkoi the Frost Mage (level 11, -1/89 HPs)
             Began as a Demigod Ice Elementalist on June 2, 2022.
             Slain by a minotaur
             ... wielding the +8 scythe of Xut Isus {vamp, Will+ MP-9 Str+5}
              (8 damage)
             ... in a Gauntlet.
             The game lasted 00:33:27 (23197 turns).

pkoi the Frost Mage (Demigod Ice Elementalist)     Turns: 23197, Time: 00:33:28

Health: -1/89      AC: 10    Str: 15    XL:     11   Next: 83%
Magic:  1/22       EV: 15    Int: 29    God:
Gold:   829        SH:  5    Dex: 18    Spells: 2/20 levels left

rFire   . . .      SeeInvis .   v - +2 shortbow (flame)
rCold   . . .      Faith    .   (shield currently unavailable)
rNeg    . . .      Spirit   .   a - +0 robe
rPois   .          Reflect  +   (no helmet)
rElec   .          Harm     .   o - scarf {shadows}
rCorr   .          Rampage  .   e - +0 pair of gloves
Will    ++...      NoTele   +   d - +2 pair of boots of Panentheism {Will+ Dex+4}
Stlth   ++........              H - amulet of reflection
HPRegen 0.24/turn               m - +4 ring of protection
MPRegen 0.18/turn               L - +6 ring of strength

@: no status effects
A: high MP 1, forlorn, divine attributes
a: no special abilities


You were in a Gauntlet.
You visited 2 branches of the dungeon, and saw 14 of its levels.
You also visited: Gauntlet.

You collected 829 gold pieces.

Inventory:

Hand Weapons
 b - a +0 spear
 f - a +2 short sword of venom
 l - a +3 spectral club
 v - a +2 shortbow of flaming (weapon)
 D - a +1 halberd of venom
 M - a +3 shortbow
Missiles
 w - 196 arrows (quivered ammo)
 y - a throwing net
 E - a curare-tipped dart
Armour
 a - a +0 robe (worn)
 d - the +2 pair of boots of Panentheism (worn) {Will+ Dex+4}
   (You found it in a Gauntlet)

   Dex:       It affects your dexterity (+4).
   Will:      It increases your willpower.
 e - a +0 pair of gloves (worn)
 j - a +0 pair of boots
 o - a scarf of shadows (worn)
 N - +0 acid dragon scales
Magical Staves
 q - a staff of conjuration
Jewellery
 h - a ring of fire
 m - a +4 ring of protection (left hand)
 G - the ring of Joxzum {Will++ Str+6 Int-4}
   (You found it in a Gauntlet)

   [ring of strength]

   Str:       It affects your strength (+6).
   Int:       It affects your intelligence (-4).
   Will:      It greatly increases your willpower.
 H - an amulet of reflection (around neck)
 L - a +6 ring of strength (right hand)
Wands
 c - a wand of flame (5)
 k - a wand of charming (4)
 B - a wand of paralysis (6)
 F - a wand of iceblast (13)
Scrolls
 g - a scroll of enchant armour
 i - 5 scrolls of identify
 A - a scroll of fear
 C - a scroll of magic mapping
 I - a scroll of teleportation
 O - 2 scrolls of amnesia
 Q - 2 scrolls of fog
Potions
 n - a potion of berserk rage
 r - 6 potions of heal wounds
 s - 4 potions of curing
 t - a potion of ambrosia
 u - 5 potions of flight
 x - 2 potions of might
 z - 4 potions of invisibility
 J - a potion of cancellation
 K - a potion of haste
 P - 2 potions of brilliance


   Skills:
 - Level 6.0 Fighting
 - Level 6.0 Bows
 - Level 6.0 Dodging
 - Level 1.7 Stealth
 + Level 5.2 Spellcasting
 + Level 6.6 Conjurations
 - Level 10.0 Ice Magic
 - Level 4.0 Air Magic
 - Level 4.0 Poison Magic
 - Level 6.0 Evocations


You had 2 spell levels left.
You knew the following spells:

 Your Spells              Type           Power      Damage    Failure   Level
a - Freeze                Ice            100%       1d11      1%          1
b - Frozen Ramparts       Ice            100%       1d12      1%          3
c - Ozocubu's Armour      Ice            60%        N/A       1%          3
d - Poisonous Vapours     Pois/Air       60%        N/A       1%          2
e - Hailstorm             Conj/Ice       54%        3d12      1%          4
f - Iskenderun's Battles  Conj           46%        2d10      11%         5

Your spell library contained the following spells:

 Spells                   Type           Power      Damage    Failure   Level
 Corpse Rot               Necr/Air       38%        N/A       4%          2
 Fireball                 Conj/Fire      13%        3d7       41%         5
 Conjure Ball Lightning   Conj/Air       19%        3x3d6     71%         6
 Orb of Destruction       Conj           23%        9d8       98%         7


Dungeon Overview and Level Annotations

Branches:
Dungeon (11/15)            Temple (0/1) D:5            Lair (3/6) D:11
 Shoals (0/4) Lair:2        Snake (0/4) Lair:2      Gauntlet (1/1)
    Orc: D:9-12

Shops:
D:7 [[

Annotations:
Lair:1 3 runed translucent doors, roboicarus's ghost, novice DEAE Gauntlet 6 transporters


Innate Abilities, Weirdness & Mutations

You have an increased reservoir of magic. (+10% MP)
You shall have no god before yourself.
Your divine heritage dramatically boosts your attributes as you level up.


Message History

Unknown command.
Fire: 197 arrows
Press: ? - help, Q - select action, (/) - cycle Shift-Dir - straight line, f/p - minotaur
Aim: a minotaur, wielding the +8 scythe of Xut Isus {vamp, Will+ MP-9 Str+5}, wearing the +4 storm dragon scales "Rompocats" {Rampage rElec rC+ Int-5}, wearing an amulet of magic regeneration and quivering sling bullets (severely wounded, 77% to hit)
You shoot an arrow.
The arrow hits the minotaur but does no damage.
The minotaur is severely wounded.
The minotaur resists.
The wall freezes the minotaur.
The minotaur hits you with the +8 scythe of Xut Isus {vamp, Will+ MP-9 Str+5}!
* * * LOW HITPOINT WARNING * * *
The minotaur draws strength from your wounds!
The minotaur gores you.
* * * LOW HITPOINT WARNING * * *
Unknown command.
Okay, then.
Unknown command.
Casting: Freeze (safe; 1% risk of failure)
Confirm with . or Enter, or press ? or * to list all spells.
You don't have enough magic to cast this spell.
Okay, then.
Okay, then.
As you read the scroll of fear, it crumbles to dust.
You assume a fearsome visage.
The minotaur easily resists.
The minotaur resists.
The wall freezes the minotaur.
The minotaur hits you but does no damage.
The minotaur closely misses you.
As you read the scroll of summoning, it crumbles to dust.
Wisps of shadow whirl around you...
The minotaur resists.
The wall freezes the minotaur.
The minotaur misses you. The minotaur closely misses you.
Your icy armour and frozen ramparts will break if you move.
Continue?
You swap places.
Your icy armour cracks and falls away as you move.
The frozen ramparts melt away as you move.
Your wyvern simulacrum barely misses the minotaur.
The minotaur furiously retaliates!
The minotaur headbutts your wyvern simulacrum!!
Your wyvern simulacrum vaporises!
The minotaur hits you with the +8 scythe of Xut Isus {vamp, Will+ MP-9 Str+5}!
You die...

#####..#..#.
#≈8≈#..#..## ###
#...#..#§.#. #....
#.8.#..#).##
#.##.##...#..#..#.
#.##....8.#..#..##
#.##.##...#..#.... #
#k...##...#..#####
≈≈.#.#@##.##.©.#≈......
≈∩(..H4##......#∩......
≈≈.#☼#*##.##.©.#≈......
≈ #.#p...##...#..#####
# #.##.##...#..#.☼..
#.##....8.#..#.##.
#.##.##...#..#.○##
#....##.8.#..#RE.#
#######...#..#©E.#


You could see a minotaur (ally target), a friendly rust devil (summoned), a
friendly wizard (summoned), a friendly rime drake (summoned) and a friendly
battlesphere.

Vanquished Creatures
  A hydra (Lair:2)
  A two-headed ogre (D:8)
  A catoblepas (Gauntlet)
  A death yak (D:11)
  2 elephants (Lair:2)
  A centaur zombie (D:10)
  2 black mambas
  2 molten gargoyles (Gauntlet)
  A gargoyle (Gauntlet)
  2 cane toads
  2 komodo dragons (Lair:2)
  5 blink frogs (Lair:1)
  5 hornets (Gauntlet)
  A meliai zombie (D:10)
  A wraith (D:10)
  15 yaks
  A shadow (D:9)
  2 wyverns
  A basilisk (Lair:1)
  A steam dragon (D:8)
  An acid dragon (D:10)
  12 water moccasins
  5 orc warriors
  2 black bears
  An ice beast (D:8)
  3 sky beasts
  2 necrophages
  3 centaurs
  A wolf (Lair:2)
  2 ogres
  3 phantoms (D:6)
  A kobold brigand (D:7)
  4 bullfrogs
  4 scorpions
  A wyvern skeleton (D:5)
  6 killer bees
  5 wights (D:7)
  2 electric eels (Lair:2)
  A howler monkey (D:4)
  3 bullfrog zombies
  5 orc priests
  2 hounds (D:4)
  2 jellies
  2 centaur skeletons
  Jessica (D:3)
  2 gnoll shamans
  An iguana (D:7)
  Ijyb (D:3)
  Natasha (thrice) (D:3)
  6 orc wizards
  A hell rat (D:11)
  2 howler monkey zombies
  2 howler monkey skeletons
  10 adders
  7 gnolls
  A river rat (D:11)
  3 worms
  2 dart slugs
  27 orcs
  2 ball pythons
  2 bats (D:1)
  8 endoplasms
  A giant cockroach (D:3)
  7 goblins
  2 hobgoblins (D:1)
  8 jackals
  4 quokkas
  2 frilled lizards
  9 kobolds
  3 rats
238 creatures vanquished.

Vanquished Creatures (others)
  17 fungi
  42 plants
59 creatures vanquished.

Grand Total: 297 creatures vanquished

Notes
Turn   | Place    | Note
-------+----------+-------------------------------------------
     0 | D:1      | pkoi the Demigod Ice Elementalist began the quest for the
                  | Orb.
     0 | D:1      | Reached XP level 1. HP: 14/14 MP: 5/5
   818 | D:1      | Reached skill level 4 in Ice Magic
   951 | D:1      | Reached XP level 2. HP: 20/20 MP: 4/7
  1251 | D:1      | Noticed a floating eye
  1254 | D:1      | Noticed a great orb of eyes
  1254 | D:1      | Noticed a shining eye
  1254 | D:1      | Noticed a floating eye
  1601 | D:2      | Learned a level 2 spell: Poisonous Vapours
  1667 | D:2      | Reached XP level 3. HP: 26/26 MP: 6/8
  3262 | D:3      | Reached skill level 5 in Ice Magic
  3262 | D:3      | Reached skill level 1 in Air Magic
  3262 | D:3      | Reached skill level 1 in Poison Magic
  3262 | D:3      | Reached XP level 4. HP: 33/33 MP: 6/9
  3317 | D:2      | Learned a level 3 spell: Frozen Ramparts
  3782 | D:3      | Reached XP level 5. HP: 38/38 MP: 6/10
  4159 | D:3      | Noticed Ijyb
  4170 | D:3      | Killed Ijyb
  4620 | D:3      | Noticed Jessica
  4625 | D:3      | Killed Jessica
  4704 | D:3      | Noticed Natasha
  4708 | D:3      | Killed Natasha
  4770 | D:3      | Reached XP level 6. HP: 44/45 MP: 11/11
  4800 | D:3      | Reached skill level 6 in Ice Magic
  4935 | D:3      | Noticed Natasha
  4940 | D:3      | Killed Natasha
  5280 | D:3      | Noticed Natasha
  5284 | D:3      | Killed Natasha
  6114 | D:4      | Reached XP level 7. HP: 41/50 MP: 12/12
  6686 | D:5      | Entered Level 5 of the Dungeon
  6789 | D:5      | Reached skill level 7 in Ice Magic
  6953 | D:5      | Learned a level 3 spell: Ozocubu's Armour
  7327 | D:5      | Found a staircase to the Ecumenical Temple.
  7469 | D:5      | Reached skill level 1 in Bows
  8636 | D:6      | Reached skill level 8 in Ice Magic
  8636 | D:6      | Reached XP level 8. HP: 57/57 MP: 7/15
  8933 | D:6      | Learned a level 4 spell: Hailstorm
  9170 | D:6      | Reached skill level 1 in Conjurations
  9299 | D:6      | Reached skill level 1 in Fighting
 10563 | D:7      | Reached XP level 9. HP: 68/68 MP: 9/16
 10643 | D:7      | Found Jaipa Lyo's Armour Shoppe.
 11066 | D:7      | Found Oreish's Armour Boutique.
 11327 | D:8      | Noticed a two-headed ogre
 11342 | D:8      | Killed a two-headed ogre
 11343 | D:8      | Reached skill level 9 in Ice Magic
 11343 | D:8      | Reached skill level 1 in Evocations
 13498 | D:9      | Reached XP level 10. HP: 64/78 MP: 12/18
 13906 | D:10     | Entered Level 10 of the Dungeon
 14128 | D:10     | Reached skill level 5 in Bows
 14968 | D:10     | Reached skill level 5 in Dodging
 15777 | D:11     | Noticed a death yak
 15798 | D:11     | Killed a death yak
 15873 | D:11     | Found a staircase to the Lair.
 16203 | D:11     | Noticed a death yak
 16882 | D:11     | Noticed a death yak
 17478 | Lair:1   | Entered Level 1 of the Lair of Beasts
 17503 | Lair:1   | Reached skill level 5 in Fighting
 17872 | Lair:1   | Noticed a black mamba
 17882 | Lair:1   | Killed a black mamba
 18261 | Lair:1   | Found a runed translucent gate.
 18261 | Lair:1   | Found a runed translucent gate.
 18262 | Lair:1   | Found a runed translucent gate.
 18293 | Lair:1   | Reached skill level 5 in Conjurations
 18313 | Lair:1   | Reached XP level 11. HP: 81/86 MP: 1/19
 18656 | Lair:1   | Noticed a minotaur
 18656 | Lair:1   | Noticed roboicarus's ghost (novice DEAE)
 18669 | Lair:1   | You fall into a shaft and drop 1 floor!
 18702 | Lair:2   | Noticed an eight-headed hydra
 18717 | Lair:2   | Killed an eight-headed hydra
 18718 | Lair:2   | Reached skill level 10 in Ice Magic
 19150 | Lair:2   | Found a staircase to the Shoals.
 19721 | Lair:2   | Found a staircase to the Snake Pit.
 20397 | Lair:2   | Reached skill level 5 in Evocations
 22188 | Lair:3   | Found a gate leading to a gauntlet.
 22209 | Gauntlet | Entered a Gauntlet
 22212 | Gauntlet | Noticed a wizard
 22219 | Gauntlet | Found a transporter.
 22219 | Gauntlet | Found a transporter.
 22223 | Gauntlet | Noticed a fire crab
 22226 | Gauntlet | Found a transporter.
 22230 | Gauntlet | Found a transporter.
 22237 | Gauntlet | Noticed a catoblepas
 22246 | Gauntlet | Found a transporter.
 22264 | Gauntlet | Found a transporter.
 22268 | Gauntlet | Found a transporter.
 22278 | Gauntlet | Found a transporter.
 22282 | Gauntlet | Found a transporter.
 22293 | Gauntlet | Found a transporter.
 22312 | Gauntlet | Found a transporter.
 22360 | Gauntlet | Found a transporter.
 22489 | Gauntlet | Identified the ring of Joxzum {Will++ Str+6 Int-4}
 22514 | Gauntlet | Paralysed by a hornet for 3 turns
 22902 | Gauntlet | HP: 1/89 [catoblepas (26)]
 22904 | Gauntlet | Reached skill level 5 in Spellcasting
 22904 | Gauntlet | Killed a catoblepas
 23146 | Gauntlet | Identified the +2 pair of boots of Panentheism {Will+
                  | Dex+4}
 23171 | Gauntlet | Learned a level 5 spell: Iskenderun's Battlesphere
 23181 | Gauntlet | Identified the +8 scythe of Xut Isus {vamp, Will+ MP-9
                  | Str+5}
 23181 | Gauntlet | Identified the +4 storm dragon scales "Rompocats" {Rampage
                  | rElec rC+ Int-5}
 23181 | Gauntlet | Noticed a minotaur
 23197 | Gauntlet | Slain by a minotaur

Illustrated notes

Levels and vault maps discovered:
D:1:      erik_arrival_blinker_ship, layout_rooms,
          hellmonk_ecumenical_altar_watching_god, st_stairs_9,
          minmay_tiny_reverse_x
D:2:      layout_rooms, basic_altar, nicolae_wormholes
D:3:      cheibrodos_pilgrimage, layout_loops_ring, lemuel_round_altar,
          uniq_jessica, uniq_natasha, uniq_ijyb
D:4:      layout_basic
D:5:      layout_basic, overflow_temple_1_default, minmay_temple_entry_statues,
          minmay_misc_feat_tiny
D:6:      layout_gridville, st_stairs_2
D:7:      layout_rooms, serial_corexii_hall, corexii_hall_statues_i,
          chequers_hall_statues_y, serial_shops, shop, shop
D:8:      layout_basic
D:9:      layout_loops_cross
D:10:     layout_loops_corners, lemuel_blue_sif_altar,
          nicolae_ru_sacrificial_ziggurat, minmay_fractal_squares_diagonal_5
D:11:     layout_irregular_city, dpeg_lair_monsters, minmay_crystal_water,
          grunt_ministairs_7, nicolae_twisting_strands, minmay_misc_feat_room,
          evilmike_butchery
Lair:1:   layout_big_grid, maelrawn_ghost_gauntlet_escape,
          grunt_forest_small_clearings, nicolae_quartered_pool_super,
          chequers_serial_rivers_micro_e
Lair:2:   layout_gridlike, elwin_shoals_entry_rocks,
          minmay_snake_entry_six_corridors, wad_woods_river_01
Lair:3:   layout_regular_city, basic_altar, gauntlet_entry_generic, uniq_rupert
Gauntlet: gammafunk_gauntlet_hard_choice [gammafunk_gauntlet_arena_chambers,
          gammafunk_gauntlet_arena_corners, nicolae_gauntlet_arena_grate_2,
          nicolae_gauntlet_arena_t_cross, gammafunk_gauntlet_arena_split_x,
          gammafunk_gauntlet_arena_teeth, gauntlet_exit_watery]

Skill      XL: |  1  2  3  4  5  6  7  8  9 10 11 |
---------------+----------------------------------+-----
Ice Magic      | 4 5 6 8 9 10 | 10.0
Air Magic      | 1 2 3 4 |  4.0
Poison Magic   | 1 2 3 4 |  4.0
Spellcasting   | 2 3 5 |  5.2
Bows           | 2 3 4 5 6 |  6.0
Dodging        | 3 4 5 6 |  6.0
Conjurations   | 2 3 5 6 |  6.6
Fighting       | 2 3 5 6 |  6.0
Evocations     | 2 4 6 |  6.0
Stealth        | |  1.7

Action                   |  1- 3 |  4- 6 |  7- 9 | 10-12 || total
-------------------------+-------+-------+-------+-------++-------
Melee: Spear             |    35 |       |       |       ||    35
       Punch             |     1 |       |       |       ||     1
       Halberd           |       |    89 |    17 |       ||   106
 Fire: Shortbow          |       |       |   261 |   249 ||   510
 Cast: Freeze            |    56 |     2 |     4 |    47 ||   109
       Frozen Ramparts   |       |    14 |    33 |    49 ||    96
       Poisonous Vapours |       |     3 |    20 |    30 ||    53
       Ozocubu's Armour  |       |       |    33 |    48 ||    81
       Hailstorm         |       |       |       |     3 ||     3
       Iskenderun's Batt |       |       |       |     1 ||     1
Evoke: Wand              |       |       |       |     5 ||     5
  Use: Scroll            |     4 |     3 |    13 |    10 ||    30
       Potion            |       |       |       |     1 ||     1
 Stab: Sleeping          |     2 |     3 |       |       ||     5
       Distracted        |       |     1 |       |       ||     1
Armor: Robe              |    13 |    29 |    71 |   106 ||   219
Dodge: Dodged            |    46 |    57 |   119 |   157 ||   379
Block: Other             |       |       |     3 |    54 ||    57
